 Dungeon Crawl Stone Soup version 0.23.2-30-g0e89c35649 (webtiles) character file.

Game seed: 4569052407141774511

238 HEYYEYAAE the Poker (level 5, 0/41 HPs)
             Began as a Demigod Gladiator on June 17, 2019.
             Slain by an orc
             ... wielding a +0 trident
              (4 damage)
             ... on level 3 of the Dungeon.
             The game lasted 00:02:05 (1994 turns).

HEYYEYAAE the Poker (Demigod Gladiator)             Turns: 1994, Time: 00:02:06

Health: 0/41       AC:  4    Str: 19    XL:     5   Next: 48%
Magic:  7/7        EV: 13    Int: 12    God:
Gold:   55         SH:  0    Dex: 17    Spells: 4/4 levels left

rFire    . . .     SeeInvis .   a - +0 trident
rCold    . . .     Gourm    .   (no shield)
rNeg     . . .     Faith    .   b - +0 leather armour
rPois    .         Spirit   .   c - +0 helmet
rElec    .         Reflect  .   (no cloak)
rCorr    .         Harm     .   (no gloves)
MR       .....                  (no boots)
Stlth    +.........             (no amulet)
HPRegen  0.13/turn              (no ring)
MPRegen  0.10/turn              (no ring)

@: hasted, very quick
A: high mp 1
a: no special abilities


You were on level 3 of the Dungeon.
You were hungry.

You visited 1 branch of the dungeon, and saw 3 of its levels.

You collected 55 gold pieces.

Inventory:

Hand Weapons
 a - a +0 trident (weapon)
Missiles
 d - a throwing net (quivered)
Armour
 b - a +0 leather armour (worn)
 c - a +0 helmet (worn)
Scrolls
 e - a scroll of remove curse {unknown}
 g - 4 scrolls of identify {unknown}
 h - 3 scrolls of enchant armour {unknown}
 i - 2 scrolls of blinking {unknown}
Potions
 j - a potion of degeneration {unknown}
 k - a potion of haste
 l - a potion of flight {unknown}
Comestibles
 f - 2 rations


   Skills:
 - Level 1.7 Fighting
 + Level 6.0 Polearms
 - Level 1.7 Throwing
 - Level 2.6 Dodging


You had 4 spell levels left.
You didn't know any spells.
Your spell library was empty.

Dungeon Overview and Level Annotations

Branches:
Dungeon (3/15)


Innate Abilities, Weirdness & Mutations

You have an increased reservoir of magic. (+10% MP)


Message History

You are too injured to fight recklessly!
Throwing (i - inventory)
d - 2 throwing nets (quivered)
Press: ? - help, Shift-Dir - straight line, f - orc
Aim: an orc, wielding a +0 flail and wearing a +0 ring mail You throw a throwing net.
The throwing net hits the orc.
The orc is caught in the net!
The orc hits you from afar with a +0 trident.
* * * LOW HITPOINT WARNING * * *
The orc struggles against the net.
You are too injured to fight recklessly!
You puncture the orc!
You kill the orc!
The orc hits you from afar with a +0 trident.
* * * LOW HITPOINT WARNING * * *
The orc hits you with a +0 trident.
* * * LOW HITPOINT WARNING * * *
Items here: ( )) [[ † It was a potion of haste.
You feel yourself speed up. The orc hits you with a +0 trident.
You die...

##################
#)................
#@################
#o# #.# #.# ..#
###


You could see an orc.

Vanquished Creatures
  An orc wizard (D:3)
  Jessica (D:2)
  Natasha (thrice) (D:2)
  3 adders
  An ooze (D:1)
  A worm (D:2)
  3 dart slugs
  A leopard gecko (D:3)
  3 orcs (D:3)
  3 ball pythons (D:2)
  6 giant cockroaches
  3 goblins (D:2)
  6 hobgoblins
  9 jackals (D:1)
  9 kobolds
  2 quokkas
  7 bats
  8 frilled lizards
  4 rats
74 creatures vanquished.

Notes
Turn   | Place    | Note
-------+----------+-------------------------------------------
     0 | D:1      | HEYYEYAAE the Demigod Gladiator began the quest for the
                  | Orb.
     0 | D:1      | Reached XP level 1. HP: 17/17 MP: 3/3
    27 | D:1      | Reached skill level 3 in Polearms
    51 | D:1      | Reached XP level 2. HP: 6/24 MP: 4/4
   502 | D:1      | Reached XP level 3. HP: 29/29 MP: 5/5
   510 | D:1      | Reached skill level 4 in Polearms
  1244 | D:2      | Noticed Natasha
  1257 | D:2      | Killed Natasha
  1257 | D:2      | Reached XP level 4. HP: 5/36 MP: 6/6
  1488 | D:2      | Noticed Natasha
  1494 | D:2      | Killed Natasha
  1494 | D:2      | Reached skill level 5 in Polearms
  1627 | D:2      | Noticed Jessica
  1631 | D:2      | Killed Jessica
  1631 | D:2      | Reached XP level 5. HP: 41/41 MP: 7/7
  1748 | D:2      | Noticed Natasha
  1756 | D:2      | Killed Natasha
  1981 | D:3      | Reached skill level 6 in Polearms
  1994 | D:3      | Slain by an orc

Skill      XL: |  1  2  3  4  5 |
---------------+----------------+-----
Polearms       | 3 4 5 6 |  6.0
Fighting       | |  1.7
Throwing       | |  1.7
Dodging        | |  2.6

Action                   |  1- 3 |  4- 6 || total
-------------------------+-------+-------++-------
Melee: Trident           |   186 |    71 ||   257
Throw: Throwing net      |       |     4 ||     4
  Use: Potion            |       |     1 ||     1
 Stab: Sleeping          |     3 |       ||     3
       Distracted        |     1 |       ||     1
       Held in net/web   |       |     1 ||     1
  Eat: Chunk             |     1 |     2 ||     3
Armor: Leather armour    |    45 |    15 ||    60
Dodge: Dodged            |   123 |    37 ||   160
